 Dungeon Crawl Stone Soup version 0.31-a0-152-g6aa68a64a1 (webtiles) character file.

Game seed: 4360101539039124985

2 comborobin the Sneak (level 1, -2/13 HPs)
             Began as a Deep Elf Delver on June 10, 2023.
             Was an Initiate of Okawaru.
             Slain by a kobold
             ... wielding a +2 short sword of protection
              (6 damage)
             ... on level 3 of the Dungeon.
             The game lasted 00:02:00 (315 turns).

comborobin the Sneak (Deep Elf Delver)               Turns: 315, Time: 00:02:00

Health: -2/13      AC:  3    Str:  9    XL:     1   Next: 33%
Magic:  3/3        EV: 12    Int: 14    God:    Okawaru [......]
Gold:   17         SH:  0    Dex: 16    Spells: 0/0 levels left

rFire   . . .        a - +0 short sword
rCold   . . .        (no shield)
rNeg    . . .        d - +0 leather armour
rPois   .            (no helmet)
rElec   .            (no cloak)
rCorr   .            (no gloves)
SInv    .            (no boots)
Will    .....        (no amulet)
Stlth   +++          (no ring)
HPRegen 0.22/turn    (no ring)
MPRegen 0.08/turn

%: no passive effects
@: mighty
A: no striking features
a: Renounce Religion


You were on level 3 of the Dungeon.
You worshipped Okawaru.
Okawaru was noncommittal.
You visited 1 branch of the dungeon, and saw 4 of its levels.

You collected 17 gold pieces.

Inventory:

Hand Weapons
 a - a +0 short sword (weapon)
 b - a +0 sling
Missiles
 f - 4 poisoned darts
Armour
 d - a +0 leather armour (worn)
Scrolls
 c - a scroll of fog
Potions
 g - a potion of might


   Skills:
 - Level 2.4 Fighting
 - Level 2.1 Short Blades
 + Level 0.6 Ranged Weapons
 - Level 2.4 Dodging
 - Level 6.0 Stealth


You couldn't memorise any spells.
You didn't know any spells.
Your spell library was empty.

Dungeon Overview and Level Annotations

Branches:
Dungeon (6/15)             Temple (0/1) D:5

Altars:
Okawaru

Annotations:
D:4 Dowan, Duvessa


Message History

Fire: b) +0 sling
Press: ? - help, Q - select action, (/) - cycle Shift-Dir - straight line, f/p - kobold
Aim: a kobold, wielding a +2 short sword of protection (50% to hit)
You shoot a sling bullet.
The sling bullet closely misses the kobold.
The kobold hits you with a +2 short sword of protection. x2
* * * LOW HITPOINT WARNING * * *
Fire: b) +0 sling
Press: ? - help, Q - select action, (/) - cycle Shift-Dir - straight line, f/p - kobold
Aim: a kobold, wielding a +2 short sword of protection (50% to hit)
You shoot a sling bullet.
The sling bullet barely misses the kobold.
The kobold closely misses you.
As you read the scroll of fear, it crumbles to dust.
You assume a fearsome visage.
The kobold looks frightened!
You see here 17 gold pieces.
You now have 17 gold pieces.
The kobold weeps quietly.
Fire: b) +0 sling
Press: ? - help, Q - select action, (/) - cycle Shift-Dir - straight line, f/p - kobold
Aim: a kobold, wielding a +2 short sword of protection (fleeing, 50% to hit)
You shoot a sling bullet. The sling bullet hits the kobold.
Your attack snaps the kobold out of its fear.
The kobold is moderately wounded.
Unknown command.
Fire: b) +0 sling
Press: ? - help, Q - select action, (/) - cycle Shift-Dir - straight line, f/p - kobold
Aim: a kobold, wielding a +2 short sword of protection (50% to hit)
You shoot a sling bullet.
The sling bullet closely misses the kobold.
Unknown command.
Unknown command.
You aren't carrying any items that you can evoke.
Unknown command.
Okay, then.
It was a potion of might.
You feel very mighty all of a sudden.
a - a +0 short sword (weapon)
The kobold hits you with a +2 short sword of protection.
You die...

##.###
#....#
###....#
......#
#.....#
#.....#
#.....#
#>.K..+
###@..#
#...#
#####


You could see a kobold.

Vanquished Creatures
  A bat (D:3)
  An endoplasm (D:4)
2 creatures vanquished.

Notes
Turn   | Place    | Note
-------+----------+-------------------------------------------
     0 | D:5      | comborobin the Deep Elf Delver began the quest for the Orb.
     0 | D:5      | Reached XP level 1. HP: 13/13 MP: 3/3
    18 | D:5      | Noticed an orc wizard
    18 | D:5      | Noticed an orc wizard
    33 | D:6      | Found an iron altar of Okawaru.
    36 | D:6      | Became a worshipper of Warmaster Okawaru
    58 | D:5      | Noticed an orc wizard
    62 | D:4      | Noticed Dowan
    62 | D:4      | Noticed an iguana
    63 | D:4      | Noticed Duvessa
   315 | D:3      | Slain by a kobold

Illustrated notes

Levels and vault maps discovered:
D:3:      layout_basic
D:4:      layout_cave_pools, nicolae_hepliaklqana_monster_ancestors,
          minmay_hedge_maze, uniq_duvessa
D:5:      layout_loops_ring, general_overflow_altar, minmay_temple_entry_grid,
          uniq_grinder, uniq_menkaure
D:6:      layout_basic, lemuel_crystal_altar, old_standard_altar,
          mainiacjoe_overflow_brackets, serial_co_window_serial,
          co_window_paths_a, co_window_paths_a, co_window_of_opportunity_a,
          co_window_cross_1, co_window_paths_a, co_window_paths_a,
          co_window_unsneaky_path_c, co_window_corner_ca, co_window_corner_ca,
          co_window_unsneaky_path_e, co_window_corner_b, co_window_broadway_b,
          glass_columns_c, glass_columns_c, glass_columns_a, roderic_batcave,
          ebering_dispersal_statue_hall

Action                     || total
---------------------------++-------
  Melee: Short sword       ||    34
         Punch             ||     1
   Fire: Sling             ||   116
  Evoke: Wand              ||     3
    Use: Scroll            ||     3
         Potion            ||     2
 Armour: Leather armour    ||     2
  Dodge: Dodged            ||     6

Table legend: (Time is in decaauts)
 A = Elapsed time spent in this place.
 B = Non-inter-level travel time spent in this place.
 C = Inter-level travel time spent in this place.
 D = Time resting spent in this place.
 E = Time spent auto-exploring this place.
 F = Levels seen in this place.
 G = Mean time per level.
                   A        B        C        D        E       F      G
               +--------+--------+--------+--------+--------+-----+--------+
         Total |    342 |    342 |      0 |     11 |     18 |   4 |   85.5 |
       Dungeon |    342 |    342 |      0 |     11 |     18 |   4 |   85.5 |
               +--------+--------+--------+--------+--------+-----+--------+

Top non-repeatable levels by time:
     D:4: 270 daAuts
     D:5: 44 daAuts
     D:3: 17 daAuts
     D:6: 9 daAuts
